 Dungeon Crawl Stone Soup version 0.28.0-45-g0d030f2227 (webtiles) character file.

Game seed: 6270207385289887226

111 zeratav the Insei (level 4, 0/29 HPs)
             Began as an Octopode Transmuter on Apr 9, 2022.
             Slain by a phantom (2 damage)
             ... on level 4 of the Dungeon.
             The game lasted 00:05:19 (3444 turns).

zeratav the Insei (Octopode Transmuter)             Turns: 3444, Time: 00:05:20

Health: 0/29       AC:  1    Str:  9    XL:     4   Next: 92%
Magic:  5/7        EV: 10    Int: 15    God:
Gold:   77         SH:  0    Dex: 14    Spells: 3/7 levels left

rFire   . . .      SeeInvis .   a - +2 short sword (elec) {short}
rCold   . . .      Faith    .   (no shield)
rNeg    . . .      Spirit   .   (helmet currently unavailable)
rPois   .          Reflect  .   (no amulet)
rElec   .          Harm     .   (no ring)
rCorr   .          Rampage  .   (no ring)
Will    .....                   (no ring)
Stlth   +++.......              (no ring)
HPRegen 0.09/turn               (no ring)
MPRegen 0.10/turn               (no ring)
                                (no ring)
                                (no ring)

@: appendages, constricted
A: tentacle spike 3, almost no armour, amphibious, 8 rings, camouflage 1,
gelatinous body 1, (nimble swimmer 1), tentacles
a: End Transformation


You were on level 4 of the Dungeon.
One of your tentacles had grown a beastly spike.
You visited 1 branch of the dungeon, and saw 4 of its levels.

You collected 77 gold pieces.


Innate Abilities, Weirdness & Mutations

One of your tentacles has grown a beastly spike.
You cannot wear most types of armour.
You are amphibious.
You can wear up to eight rings at the same time.
Your skin changes colour to match your surroundings (Stealth+).
Your rubbery body absorbs attacks. (AC +1, EV +1)
((You are camouflaged when in or above water. (Stealth+)))
You have tentacles for arms and can constrict up to eight enemies at once.


   Skills:
 + Level 2.0 Fighting
 + Level 2.8 Dodging
 + Level 2.5 Stealth
 * Level 4.1 Unarmed Combat
 - Level 2.0 Spellcasting
 - Level 2.0 Transmutations


You had 3 spell levels left.
You knew the following spells:

 Your Spells              Type           Power      Damage    Failure   Level
a - Beastly Appendage     Tmut           14%        N/A       10%         1
b - Spider Form           Tmut/Pois      4%         N/A       41%         3

Your spell library contained the following spells:

 Spells                   Type           Power      Damage    Failure   Level
 Sting                    Tmut/Pois      16%        1d3       14%         1
 Wereblood                Tmut           7%         N/A       14%         2
 Shock                    Conj/Air       4%         1d3       22%         1
 Blink                    Tloc           2%         N/A       32%         2
 Static Discharge         Conj/Air       1%         N/A       32%         2
 Lesser Beckoning         Tloc           1%         N/A       54%         3
 Portal Projectile        Hex/Tloc       2%         N/A       54%         3
 Ice Form                 Ice/Tmut       4%         N/A       82%         4
 Blade Hands              Tmut           3%         N/A       95%         5
 Excruciating Wounds      Necr           0%         N/A       99%         5
 Manifold Assault         Tloc           1%         N/A       99%         5
 Conjure Ball Lightning   Conj/Air       0%         3x3d6     100%        6

Inventory:

Hand Weapons
 a - a +2 short sword of electrocution (weapon) {short}
   (You took it off a kobold on level 2 of the Dungeon)
Missiles
 g - 4 silver javelins {throwing}
Scrolls
 b - a scroll of brand weapon {unknown}
 c - a scroll of enchant armour {unknown}
 d - a scroll of noise {unknown}
 e - a scroll of identify {unknown}
 h - 2 scrolls of amnesia {unknown}
 i - a scroll of acquirement {unknown}
Potions
 f - 2 potions of curing {unknown}

Dungeon Overview and Level Annotations

Branches:
Dungeon (4/15)             Temple (0/1) D:4

Altars:

#...#..........## ##..
..............#### ..
####............⌠......
#......................
# #.........⌠.>.⌠../.
#.###................#.
#...............⌠......
#..8...S.8............
#...s.@W.............
#..J.........##.....
#.....>...!....
#..............
#.............
#..8.....8....
#...........$.
##########....


You could see a phantom, a scorpion (asleep), an endoplasm (asleep) and a ball
python.


Message History

Found a leather armour.
Found a stone staircase leading up.
There is a stone staircase leading up here.
A ball python comes into view.
Found a staircase to the Ecumenical Temple.
One of your tentacles grows a vicious spike.
MP[-1]
You lost 1 mp, and now have 6/7 mp.
A phantom comes into view.
There is a stone staircase leading up here.
Your transformation is almost over.
You climb upwards.
There is a stone staircase leading down here.
MP[+1]
Your mp is fully restored (7).
This spell is extremely dangerous to cast!
Memorise Spider Form, consuming 3 spell levels and leaving 3?
You start memorising the spell.
You continue memorising. x3
You finish memorising.
Spell assigned to 'b'.
Casting: Beastly Appendage (safe; 10% risk of failure)
Confirm with . or Enter, or press ? or * to list all spells.
The spell is extremely dangerous to miscast (41% risk of failure)!
Continue anyway?
Your tentacle spike disappears.
You turn into a venomous arachnid creature.
Your +2 short sword of electrocution {short} melds into your body.
Your +2 short sword of electrocution {short} stops crackling.
MP[-3]
You lost 3 mp, and now have 4/7 mp.
You climb downwards.
The phantom hits you!
The phantom blinks!
You blink.
You see here a +0 leather armour.
HP[-7]
You take 7 damage, and now have 22/29 hp.
MASSIVE DAMAGE!! (PAUSE)
You hit the phantom. The phantom completely misses you.
You hit the phantom.
The phantom hits you but does no damage.
You barely miss the phantom.
Your transformation is almost over.
The phantom hits you.
The phantom blinks!
You blink.
Found a stone staircase leading down.
HP[-4]
You take 4 damage, and now have 18/29 hp.
You barely miss the phantom. The phantom closely misses you.
You closely miss the phantom. The phantom closely misses you.
You hit the phantom. The phantom barely misses you.
You hit the phantom but do no damage. The phantom hits you.
* * * LOW HITPOINT WARNING * * *
The phantom blinks!
You blink.
HP[-5] MP[+1]
You take 5 damage, and now have 13/29 hp.
You closely miss the phantom.
A quokka comes into view.
You barely miss the phantom. The phantom closely misses you.
You hit the phantom. The phantom hits you.
* * * LOW HITPOINT WARNING * * *
HP[-2]
You take 2 damage, and now have 11/29 hp.
You barely miss the phantom. The phantom barely misses you.
You hit the phantom. The phantom barely misses you.
You hit the phantom but do no damage.
Your transformation has ended.
Your +2 short sword of electrocution {short} unmelds from your body.
You hear the crackle of electricity.
The phantom hits you.
* * * LOW HITPOINT WARNING * * *
The phantom blinks!
You blink.
HP[-2]
You take 2 damage, and now have 9/29 hp.
Casting: Spider Form (extremely dangerous; 41% risk of failure)
Confirm with . or Enter, or press ? or * to list all spells.
One of your tentacles grows a vicious spike.
The phantom hits you.
* * * LOW HITPOINT WARNING * * *
The phantom blinks!
You blink.
A scorpion, a goblin and an endoplasm come into view.
Found a red potion.
Found a stone staircase leading down.
HP[-4] MP[-1]
You take 4 damage, and now have 5/29 hp.
You lost 1 mp, and now have 4/7 mp.
You hit the phantom. Your squeeze misses the phantom.
The ball python hisses angrily.
The phantom hits you.
* * * LOW HITPOINT WARNING * * *
The phantom blinks!
You blink.
HP[-1]
You take 1 damage, and now have 4/29 hp.
You hit the phantom.
You pierce the phantom, but do no damage.
The phantom misses you.
You closely miss the phantom. The ball python bites you.
* * * LOW HITPOINT WARNING * * *
The ball python grabs you. The ball python constricts you.
* * * LOW HITPOINT WARNING * * *
The phantom hits you.
You die...

Skill      XL: |  1  2  3  4 |
---------------+-------------+-----
Stealth        | 1 2 |  2.5
Unarmed Combat | 4 |  4.1
Fighting       | 2 |  2.0
Dodging        | |  2.8
Spellcasting   | |  2.0
Transmutations | |  2.0

Action                   |  1- 3 |  4- 6 || total
-------------------------+-------+-------++-------
Melee: Unarmed           |     9 |    13 ||    22
       Dagger            |    39 |       ||    39
       Constrict         |    21 |     6 ||    27
       Tentacles         |    15 |     5 ||    20
       Kick              |    13 |     2 ||    15
       Punch             |     5 |       ||     5
       Hand axe          |     7 |       ||     7
       Short sword       |    34 |    34 ||    68
 Cast: Beastly Appendage |    26 |    10 ||    36
       Spider Form       |       |     1 ||     1
 Stab: Sleeping          |    11 |     4 ||    15
Armor: Skin              |     8 |     3 ||    11
Dodge: Dodged            |    60 |    17 ||    77

Levels and vault maps discovered:
D:1:      dpeg_arrival_round_b, layout_loops_ring
D:2:      layout_rooms, shapermc_ecumenical_altar_venn,
          wander_ebering_terrifying_dragon_lair
D:3:      minmay_recursive_quarters, layout_loops_ring, st_stairs_5
D:4:      layout_cave_pools, temple_fountains, st_stairs_1, kennysheep_donut,
          minmay_misc_feat_rugged, minmay_circle_x, uniq_sigmund,
          uniq_blork_the_orc

Notes
Turn   | Place    | Note
-------+----------+-------------------------------------------
     0 | D:1      | zeratav the Octopode Transmuter began the quest for the
                  | Orb.
     0 | D:1      | Reached XP level 1. HP: 13/13 MP: 3/3
     0 | D:1      | magus.rc [v1.9.6]
   235 | D:1      | Reached XP level 2. HP: 17/18 MP: 5/5
   274 | D:1      | Reached skill level 1 in Stealth
   566 | D:1      | You pick up a book of Spatial Translocations and begin
                  | reading...
   566 | D:1      | You add the spells Blink, Lesser Beckoning and Manifold
                  | Assault to your library.
  1055 | D:1      | You pick up a book of Weapons and begin reading...
  1055 | D:1      | You add the spells Portal Projectile, Excruciating Wounds
                  | and Blade Hands to your library.
  1185 | D:2      | Found a faded altar of an unknown god.
  1202 | D:2      | Reached XP level 3. HP: 11/23 MP: 4/6
  1455 | D:2      | Found the +0 pair of fencer's gloves {Riposte Dex+3}
  1457 | D:2      | You add the spells Shock, Sting, Static Discharge and
                  | Conjure Ball Lightning to your library.
  1457 | D:2      | Got Leeqyt's Disquisition on Conjuration and Transmigration
                  | {@e2}
  2403 | D:3      | Reached skill level 2 in Stealth
  2406 | D:3      | Reached XP level 4. HP: 29/29 MP: 7/7
  2664 | D:3      | Reached skill level 4 in Unarmed Combat
  3012 | D:3      | Reached skill level 2 in Fighting
  3410 | D:4      | Found a staircase to the Ecumenical Temple.
  3412 | D:4      | Noticed a phantom
  3425 | D:3      | Learned a level 3 spell: Spider Form
  3441 | D:4      | HP: 5/29 [phantom (4)]
  3441 | D:4      | Noticed a scorpion
  3444 | D:4      | HP: 2/29 [constriction (1)]
  3444 | D:4      | Slain by a phantom

Vanquished Creatures
  4 adders (D:3)
  A worm (D:3)
  A dart slug (D:3)
  2 orcs (D:3)
  3 ball pythons
  3 bats
  7 endoplasms
  6 giant cockroaches
  6 hobgoblins
  3 jackals (D:2)
  7 kobolds
  2 quokkas
  3 frilled lizards (D:2)
  9 goblins
  5 rats
62 creatures vanquished.

Table legend:
 A = Non-vault XP
 B = Vault XP
 C = Vault XP percentage of total XP
 D = Non-vault monster count
 E = Vault monster count
 F = Vault count percentage of total count
                 A         B        C        D         E       F
            +---------+---------+-------+---------+---------+-------
      Total |     146 |      13 |   8.2 |      55 |       7 |  11.3
            +---------+---------+-------+---------+---------+-------
        D:1 |      29 |       0 |   0.0 |      18 |       0 |   0.0
        D:2 |      37 |       1 |   2.6 |      20 |       1 |   4.8
        D:3 |      80 |      12 |  13.0 |      17 |       6 |  26.1
            +---------+---------+-------+---------+---------+-------

Illustrated notes

Table legend:
 A = Kills in this place as a percentage of kills in entire the game.
 B = Kills by you in this place as a percentage of kills by you in the entire game.
 C = Kills by friends in this place as a percentage of kills by friends in the entire game.
 D = Other kills in this place as a percentage of other kills in the entire game.
 E = Experience gained in this place as a percentage of experience gained in the entire game.
 F = Experience gained in this place divided by the number of levels of this place that you have seen.
                   A       B       C       D       E      F
               +-------+-------+-------+-------+-------+----------------------
         Total | 100.0 | 100.0 |   N/A |   N/A | 100.0 |  39.8
       Dungeon | 100.0 | 100.0 |   N/A |   N/A | 100.0 |  39.8
               +-------+-------+-------+-------+-------+----------------------

Table legend: (Time is in decaauts)
 A = Elapsed time spent in this place.
 B = Non-inter-level travel time spent in this place.
 C = Inter-level travel time spent in this place.
 D = Time resting spent in this place.
 E = Time spent auto-exploring this place.
 F = Levels seen in this place.
 G = Mean time per level.
                   A        B        C        D        E       F      G
               +--------+--------+--------+--------+--------+-----+--------+
         Total |   3451 |   3349 |    102 |     42 |   2877 |   4 |  862.8 |
       Dungeon |   3451 |   3349 |    102 |     42 |   2877 |   4 |  862.8 |
               +--------+--------+--------+--------+--------+-----+--------+

Top non-repeatable levels by time:
     D:2: 1224 daAuts
     D:1: 1161 daAuts
     D:3: 1037 daAuts
     D:4: 27 daAuts
